[Event "Team 45 45 League T49"]
[Site "Internet Chess Club"]
[Date "2011.06.04"]
[Round "4"]
[White "SaltofLife"]
[Black "Freitac"]
[Result "1-0"]
[WhiteElo "1865"]
[BlackElo "1885"]
[Opening "Grünfeld: Grünfeld gambit, Capablanca variation"]
[ECO "D83"]
[Time "15:08:08"]
[TimeControl "2700+45"]

1. d4 Nf6 2. c4 g6 3. Nc3 d5 4. Bf4 Bg7 5. e3 O-O 6. Rc1 Be6 7. Qb3 b6 8. Nf3 c5
9. Be2 dxc4 10. Bxc4 Bxc4 11. Qxc4 Nbd7 12. O-O Nh5 13. dxc5 Nxf4 14. Qxf4 Nxc5
15. Rfd1 Qb8 16. Qxb8 Raxb8 17. b4 Rfd8 18. Nd5 Ne4 19. Nxe7+ Kf8 20. Nc6 Rxd1+
21. Rxd1 Nc3 22. Nxb8 Nxd1 23. Nc6 Nc3 24. a3 Nb5 25. a4 Nc3 26. a5 bxa5 27.
bxa5 a6 28. Nd2 Nd5 29. Kf1 Ke8 30. Ne4 f5 31. Nc5 Bc3 32. Nxa6 Kd7 33. Nab8+
Kc7 34. a6 Bb4 35. a7 Kb7 36. Ke2 Bc5 37. Nd7 Bxa7 38. Nxa7 Kxa7 39. f3 Kb7 40.
e4 Nf4+ 41. Kf2 fxe4 42. fxe4 Kc7 43. Nf8 Nh5 44. Nxh7 {Black resigns} 1-0

[Event "Team 45 45 League T49"]
[Site "Internet Chess Club"]
[Date "2011.06.05"]
[Round "4"]
[White "chessattack1"]
[Black "chessateer"]
[Result "1-0"]
[WhiteElo "1811"]
[BlackElo "1842"]
[Opening "QGD: exchange, positional line"]
[ECO "D35"]
[Time "11:00:18"]
[TimeControl "2700+45"]

1. d4 d5 2. c4 e6 3. Nc3 Nf6 4. cxd5 exd5 5. Bg5 Be7 6. e3 O-O 7. Qc2 Nbd7 8.
Bd3 Re8 9. Nge2 c6 10. O-O Nf8 11. Bf4 Nh5 12. Bg3 Nxg3 13. Nxg3 Bd6 14. a3 a5
15. Na4 Bg4 16. Nc5 Rb8 17. Rfb1 h5 18. Nf5 Bc7 19. b4 Ne6 20. b5 Nxc5 21. Qxc5
Qg5 22. bxc6 b6 23. Qxd5 g6 24. h4 Rbd8 25. hxg5 Rxd5 26. Nh6+ Kg7 27. Nxg4 hxg4
28. Rb5 Rxb5 29. Bxb5 g3 30. Rd1 gxf2+ 31. Kxf2 Kf8 32. Kf3 Ke7 33. e4 Rh8 34.
e5 Rh5 35. Kf4 Rh4+ 36. g4 Rh3 37. d5 {Black forfeits on time} 1-0

[Event "Team 45 45 League T49"]
[Site "Internet Chess Club"]
[Date "2011.06.07"]
[Round "4"]
[White "ddlj81"]
[Black "Sir-Sinister"]
[Result "0-1"]
[WhiteElo "1741"]
[BlackElo "1765"]
[Opening "KP: Nimzovich defense"]
[ECO "B00"]
[Time "22:04:16"]
[TimeControl "2700+45"]

1. e4 Nc6 2. d4 e5 3. d5 Nce7 4. c4 Ng6 5. Be3 Nf6 6. Nc3 Bb4 7. f3 Qe7 8. a3
Bc5 9. Bxc5 Qxc5 10. b4 Qe3+ 11. Nge2 Nf4 12. Qd2 Nd3+ 13. Kd1 Nf2+ 14. Kc2
Qxd2+ 15. Kxd2 Nxh1 16. Ke3 a5 17. Nb5 Kd8 18. bxa5 Rxa5 19. Nec3 Nh5 20. Bd3
Nf4 21. Rxh1 Nxg2+ 22. Kd2 Nf4 23. a4 d6 24. Rb1 f5 25. Bc2 Rf8 26. Ne2 fxe4 27.
Nxf4 Rxf4 28. Bxe4 Rxa4 29. Bxh7 Rxf3 30. Bd3 Ra2+ 31. Kc3 e4 {White resigns}
0-1

[Event "Team 45 45 League T49"]
[Site "Internet Chess Club"]
[Date "2011.06.05"]
[Round "4"]
[White "quotha"]
[Black "parrot9"]
[Result "0-1"]
[WhiteElo "1667"]
[BlackElo "1588"]
[Opening "Queen's pawn game, Darooha variation "]
[ECO "D02"]
[Time "15:30:42"]
[TimeControl "2700+45"]

1. Nf3 d5 2. d4 Nf6 3. h3 a6 4. Bf4 e6 5. e3 c5 6. c4 Nc6 7. Nc3 Bd6 8. Ne5 Qc7
9. cxd5 Nxe5 10. dxe5 Bxe5 11. d6 Bxc3+ 12. bxc3 Qa5 13. Be5 Nd5 14. Qc2 f6 15.
e4 fxe5 16. exd5 exd5 17. Bd3 Be6 18. O-O O-O-O 19. Rab1 Rxd6 20. Rb2 Qd8 21.
Rfb1 b6 22. Bxa6+ Kc7 23. a4 Qg5 24. Kh2 Bxh3 25. gxh3 Rg6 26. f4 Qg3+ 27. Kh1
Qf3+ 28. Kh2 Qxf4+ 29. Kh1 Qf3+ 30. Kh2 Qg3+ 31. Kh1 Qxh3+ 32. Qh2 Qf3+ 33. Rg2
Rh6 34. Kg1 Qe3+ 35. Kh1 Rxh2+ 36. Kxh2 Qf4+ 37. Kg1 Qe3+ 38. Kh2 g6 39. a5 Qf4+
40. Kg1 Rf8 41. axb6+ Kd6 42. b7 Qe3+ 43. Kh2 Kc7 44. Ra2 Qf4+ 45. Kg1 Rb8 46.
Rh2 h5 47. Rf1 Qe3+ 48. Rhf2 Rxb7 49. Bxb7 Kxb7 50. Rb1+ Kc6 51. Ra1 Kb5 52. Kg2
h4 53. Rb2+ Kc4 54. Ra4+ Kd3 55. Rxh4 Qc1 56. Rf2 e4 57. Rh3+ e3 58. Ra2 Qxc3
59. Rg3 Qb3 {White resigns} 0-1

[Event "Team 45 45 League T49"]
[Site "Internet Chess Club"]
[Date "2011.06.07"]
[Round "4"]
[White "VietLion"]
[Black "amanileo"]
[Result "1/2-1/2"]
[WhiteElo "1947"]
[BlackElo "1876"]
[Opening "QGD: 4.Nf3"]
[ECO "D37"]
[Time "16:30:01"]
[TimeControl "2700+45"]

1. d4 d5 2. c4 e6 3. Nc3 Nf6 4. Nf3 Be7 5. e3 Nbd7 6. c5 c6 7. Bd3 O-O 8. b4 b6
9. Bd2 bxc5 10. bxc5 e5 11. dxe5 Nxc5 12. Bb1 Nfe4 13. Nd4 Qc7 14. Nxe4 dxe4 15.
f4 exf3 16. Nxf3 Ba6 17. Bb4 Nd3+ 18. Bxd3 Bxb4+ 19. Kf2 Rad8 20. Bxh7+ Kh8 21.
Qa4 Qb6 22. Rab1 c5 23. a3 Bb5 24. Qb3 Kxh7 25. axb4 c4 26. Qc2+ Rd3 27. Rhe1
Qg6 28. Kg1 Bc6 29. Qf2 Bxf3 30. Qxf3 c3 31. Rbc1 Rfd8 32. b5 Re8 33. Re2 Rxe5
34. Rec2 Rexe3 35. Qf4 Qh5 36. Qc4 Rd1+ 37. Kf2 {Game drawn by mutual agreement}
1/2-1/2

[Event "Team 45 45 League T49"]
[Site "Internet Chess Club"]
[Date "2011.06.05"]
[Round "4"]
[White "MrShaw"]
[Black "theapprentice"]
[Result "0-1"]
[WhiteElo "1838"]
[BlackElo "1760"]
[Opening "Sicilian defense"]
[ECO "B32"]
[Time "14:48:52"]
[TimeControl "2700+45"]

1. e4 c5 2. Nf3 Nc6 3. d4 cxd4 4. Nxd4 Qb6 5. Nb3 Nf6 6. Nc3 e5 7. Qe2 Bb4 8.
Bd2 Nd4 9. Nxd4 exd4 10. e5 Kd8 11. exf6 dxc3 12. bxc3 Re8 13. Qxe8+ Kxe8 14.
fxg7 Qg6 15. g8=Q+ Qxg8 16. cxb4 Qg7 17. Rc1 b6 18. h4 Bb7 19. Rh3 Kf8 20. Rg3
Re8+ 21. Be3 Qb2 22. Kd2 Re6 23. Bd3 Be4 24. Bxe4 Qxb4+ 25. c3 Qxe4 26. h5 f5
27. Rf3 Rd6+ 28. Ke1 Ke8 29. Kf1 Qh4 30. Rxf5 Qh1+ 31. Ke2 Qxg2 32. Rg5 Qe4 33.
Rcg1 Qc4+ 34. Kf3 Rf6+ 35. Kg3 Qc6 36. Kh4 Qf3 37. Rg8+ Rf8 38. R8g7 Qf6+ 39.
Kh3 Qe6+ 40. R1g4 Rf7 41. Rg8+ Ke7 42. Bg5+ Kd6 43. Be3 Rf5 44. Bf4+ Rxf4 {White
resigns} 0-1

[Event "Team 45 45 League T49"]
[Site "Internet Chess Club"]
[Date "2011.06.06"]
[Round "4"]
[White "Achelous"]
[Black "Fatman"]
[Result "0-1"]
[WhiteElo "1712"]
[BlackElo "1763"]
[Opening "Ruy Lopez: closed, Chigorin defense"]
[ECO "C97"]
[Time "09:00:07"]
[TimeControl "2700+45"]

1. e4 e5 2. Nf3 Nc6 3. Bb5 a6 4. Ba4 Nf6 5. O-O Be7 6. c3 d6 7. Re1 b5 8. Bb3
Na5 9. Bc2 c5 10. h3 O-O 11. d4 Qc7 12. Nbd2 Bd7 13. Nf1 Rfc8 14. d5 Bf8 15. Bg5
Qd8 16. b3 g6 17. Qd2 Bg7 18. N3h2 Qb6 19. Kh1 Re8 20. f4 exf4 21. Qxf4 Nh5 22.
Qf3 Re5 23. Bh4 Bf8 24. Ne3 Qc7 25. Nhg4 Bxg4 26. Nxg4 Ree8 27. Rf1 b4 28. c4
Bg7 29. Rae1 Nb7 30. Qe3 f5 31. Nh6+ Kh8 32. Qg5 Bf6 33. Qxf6+ Qg7 34. Qxg7+
Kxg7 35. Bg5 Ng3+ 36. Kg1 Nxf1 37. Kxf1 fxe4 38. Ng4 h5 39. Nf6 Rf8 40. Rxe4
Rxf6+ 41. Bxf6+ Kxf6 42. Re6+ Kg5 43. Rxg6+ Kf4 44. Rg7 Rb8 45. h4 Ke3 46. Bd1
a5 47. Bxh5 Kd2 48. Rf7 Kc3 49. g4 a4 50. g5 axb3 51. Rf3+ Kxc4 52. axb3+ Kxd5
53. Rf7 Na5 54. Rh7 c4 55. g6 Ke5 56. Ra7 Nxb3 57. g7 Rg8 58. Bg6 Kf6 59. Bc2
Rxg7 60. Ra6 Ke5 61. Rb6 Nd4 62. Bd1 b3 {White resigns} 0-1

[Event "Team 45 45 League T49"]
[Site "Internet Chess Club"]
[Date "2011.06.05"]
[Round "4"]
[White "noblitz-oblige"]
[Black "ElMarginal"]
[Result "1-0"]
[WhiteElo "1679"]
[BlackElo "1574"]
[Opening "Caro-Kann: exchange variation"]
[ECO "B13"]
[Time "20:07:56"]
[TimeControl "2700+45"]

1. e4 c6 2. d4 d5 3. exd5 cxd5 4. Nf3 Nf6 5. Be2 e6 6. O-O Be7 7. Nc3 Nc6 8. a3
a6 9. Bf4 Nh5 10. Be3 Nf6 11. h3 b5 12. Ne5 Bb7 13. Re1 Nxe5 14. dxe5 Nd7 15.
Bd4 Qc7 16. Qd3 Nxe5 17. Qg3 Bf6 18. Bxb5+ axb5 19. Bxe5 Bxe5 20. Rxe5 O-O 21.
Rae1 Bc6 22. h4 Rae8 23. Ne2 Bd7 24. c3 f6 25. Re3 Qxg3 26. Rxg3 e5 27. Rd3 Bc6
28. Ng3 g6 29. Nf1 Rf7 30. Ne3 Rd7 31. Ng4 Kg7 32. Ne3 Red8 33. Nc2 d4 34. cxd4
exd4 35. Red1 Be4 36. Rxd4 Rxd4 37. Rxd4 Rxd4 38. Nxd4 Bd3 39. f3 Kf7 40. Kf2
Ke7 41. Ke3 Bf1 42. g3 Kd6 43. Kd2 Kd5 44. Kc3 Bc4 45. Nc2 g5 46. Ne3+ Kc5 47.
Nxc4 bxc4 48. hxg5 fxg5 49. f4 g4 50. a4 h5 51. a5 h4 52. f5 h3 53. f6 h2 54. f7
h1=Q 55. f8=Q+ Kb5 56. Qb4+ Kc6 57. Qxc4+ Kd6 58. Qxg4 Qe1+ 59. Kb3 Qxa5 60.
Qb4+ {Black resigns} 1-0

[Event "Team 45 45 League T49"]
[Site "Internet Chess Club"]
[Date "2011.06.06"]
[Round "4"]
[White "koni"]
[Black "Mark-SF"]
[Result "0-1"]
[WhiteElo "1898"]
[BlackElo "1955"]
[Opening "Queen's pawn game, Chigorin variation"]
[ECO "D02"]
[Time "11:05:11"]
[TimeControl "2700+45"]

1. d4 d5 2. Nf3 Nc6 3. c3 Nf6 4. Bg5 Ne4 5. Bh4 f6 6. e3 h5 7. h3 g5 8. Bg3 Nxg3
9. fxg3 Qd6 10. Kf2 Be6 11. Bd3 O-O-O 12. b4 Bh6 13. a4 g4 14. Nfd2 Bxe3+ 15.
Kxe3 Qxg3+ 16. Nf3 gxf3 17. Qxf3 Rdg8 18. Nd2 Qd6 19. Kf2 h4 20. Rhe1 Rg3 21.
Qe2 Bd7 22. Nf1 Rg5 23. Ne3 Bxh3 24. Qf3 Rg3 25. Qe2 Rhg8 26. Rg1 Qf4+ {White
resigns} 0-1

[Event "Team 45 45 League T49"]
[Site "Internet Chess Club"]
[Date "2011.06.01"]
[Round "4"]
[White "Nakke"]
[Black "qs16"]
[Result "1/2-1/2"]
[WhiteElo "1811"]
[BlackElo "1677"]
[Opening "Modern defense: Averbakh system"]
[ECO "A10"]
[Time "16:02:23"]
[TimeControl "2700+45"]

1. c4 g6 2. d4 Bg7 3. e4 d6 4. Nc3 c6 5. Be3 a6 6. Qd2 Nf6 7. f3 O-O 8. h4 e5 9.
d5 cxd5 10. cxd5 Nh5 11. g4 Ng3 12. Rh2 Nxf1 13. Kxf1 f5 14. gxf5 gxf5 15. Bg5
Qe8 16. Bh6 Qh5 17. Bxg7 Kxg7 18. Rc1 Bd7 19. Ke1 a5 20. exf5 Bxf5 21. Nb5 Ra6
22. Rc7+ Rf7 23. Rg2+ Bg6 24. Rxf7+ Kxf7 25. Qg5 Qxg5 26. hxg5 Nd7 27. Nc3 Rb6
28. Ne4 Bxe4 29. fxe4 Nc5 30. Re2 Nd3+ 31. Kd1 Nxb2+ 32. Kc1 Nd3+ 33. Kc2 Nf4
34. Rh2 Kg6 35. Nf3 Kg7 36. Rh6 Ng6 37. Nd2 Rb4 38. Rh3 b5 39. Rc3 Nh8 40. a3
Ra4 41. Rc7+ Nf7 42. Rb7 Rxa3 43. Rxb5 Nxg5 44. Nc4 Ra4 45. Nxd6 Nxe4 46. Nxe4
Rxe4 47. Rxa5 Rd4 48. Ra7+ Kg6 49. Rd7 h5 50. Rd8 Kf5 51. Rh8 h4 52. Rh5+ Kg4
53. Rxe5 h3 54. Kc3 h2 55. Kxd4 h1=Q 56. d6 Kf4 57. Re7 Qc6 58. Rf7+ Kg5 59. Ke5
Qc5+ 60. Ke6 Qc4+ 61. Ke7 Qe4+ 62. Kf8 Qb4 63. Ke7 Qc5 64. Ke6 Qe3+ 65. Kd7 Kg6
66. Re7 Qc5 67. Re6+ Kf7 68. Re7+ Kf6 69. Re6+ Kf7 70. Re7+ Kf6 71. Re6+ {Game
drawn by mutual agreement} 1/2-1/2

[Event "Team 45 45 League T49"]
[Site "Internet Chess Club"]
[Date "2011.06.04"]
[Round "4"]
[White "Buford-Julep"]
[Black "gandre"]
[Result "1/2-1/2"]
[WhiteElo "1706"]
[BlackElo "1729"]
[Opening "French: Steinitz, Boleslavsky variation"]
[ECO "C11"]
[Time "10:00:55"]
[TimeControl "2700+45"]

1. e4 e6 2. d4 d5 3. Nc3 Nf6 4. e5 Nfd7 5. f4 c5 6. Nf3 Nc6 7. Be3 Be7 8. Qd2
O-O 9. Be2 a6 10. O-O b5 11. a3 Qb6 12. f5 cxd4 13. Nxd4 Nxd4 14. Bxd4 Bc5 15.
Bxc5 Qxc5+ 16. Kh1 Nxe5 17. fxe6 Bxe6 18. Rad1 Nc4 19. Bxc4 dxc4 20. Ne4 Qe5 21.
Nc3 Qc7 22. Nd5 Bxd5 23. Qxd5 Rad8 24. Qf5 Rd6 25. Rde1 Rf6 26. Qe4 Rxf1+ 27.
Rxf1 Qd7 28. Re1 Qd2 29. b3 cxb3 30. cxb3 Qb2 31. Qb4 Rc8 32. h3 g6 33. a4 bxa4
34. Qxa4 Rc1 35. Rxc1 Qxc1+ 36. Kh2 Qc7+ 37. Kg1 a5 38. Qe8+ Kg7 39. Qb5 f5 40.
Qd5 Kf6 41. Qd4+ Qe5 42. Qd8+ Kg7 43. Qd2 Qc5+ 44. Kh1 Qb4 45. Qe3 f4 46. Qa7+
Kh6 47. Qf7 Qe1+ 48. Kh2 Qg3+ 49. Kg1 Qe1+ 50. Kh2 Qf2 51. Qf8+ Kh5 52. Qf7 Qg3+
53. Kg1 {Game drawn by mutual agreement} 1/2-1/2

[Event "Team 45 45 League T49"]
[Site "Internet Chess Club"]
[Date "2011.06.04"]
[Round "4"]
[White "daniguti"]
[Black "Deckfuel"]
[Result "1-0"]
[WhiteElo "1767"]
[BlackElo "1850"]
[Opening "Sicilian: dragon, Yugoslav attack, 7...O-O"]
[ECO "B76"]
[Time "13:06:54"]
[TimeControl "2700+45"]

1. e4 c5 2. Nf3 d6 3. d4 cxd4 4. Nxd4 Nf6 5. Nc3 g6 6. Be3 Bg7 7. f3 O-O 8. Bc4
Nc6 9. Bb3 Bd7 10. Qd2 Rc8 11. O-O-O Na5 12. h4 Nxb3+ 13. Nxb3 h5 14. Rhe1 Be6
15. Nd4 Qa5 16. Nxe6 fxe6 17. Kb1 Rc4 18. Nd5 Qxd2 19. Nxf6+ Bxf6 20. Rxd2 Rb4
21. b3 Bc3 22. Red1 Bxd2 23. Rxd2 Rc8 24. a4 d5 25. Kb2 d4 26. Bxd4 Rd8 27. Kc3
a5 28. Be3 Rc8+ 29. Kb2 Rc6 30. c3 Rbb6 31. Rd8+ Kf7 32. Bxb6 Rxb6 33. Ra8 Rd6
34. Kc2 b6 35. Rc8 Kf6 36. b4 axb4 37. cxb4 g5 38. a5 bxa5 39. Rc5 e5 40. bxa5
gxh4 41. f4 Rd4 42. Rxe5 e6 43. Kb3 h3 44. gxh3 Rd3+ 45. Kb4 Rxh3 46. a6 Rh1 47.
a7 Rb1+ 48. Kc5 Ra1 49. Kb6 h4 50. Ra5 Rb1+ 51. Ka6 {Black resigns} 1-0

[Event "Team 45 45 League T49"]
[Site "Internet Chess Club"]
[Date "2011.06.07"]
[Round "4"]
[White "randallsr"]
[Black "az2112"]
[Result "1/2-1/2"]
[WhiteElo "1737"]
[BlackElo "1727"]
[Opening "English opening"]
[ECO "A05"]
[Time "21:53:10"]
[TimeControl "2700+45"]

1. Nf3 Nf6 2. c4 g6 3. b3 Bg7 4. Bb2 d6 5. g3 O-O 6. Bg2 e5 7. d3 Nc6 8. Nbd2
Bd7 9. Rc1 Ne7 10. c5 Bc6 11. cxd6 cxd6 12. O-O Rc8 13. a4 a6 14. Ba3 b5 15. a5
Nfd5 16. b4 Qd7 17. Rc2 Bb7 18. Re1 Rc3 19. Nb1 Rxc2 20. Qxc2 Rc8 21. Qd2 Rc7
22. e4 Nf6 23. Rc1 Rxc1+ 24. Qxc1 Qc6 25. Nbd2 Qxc1+ 26. Bxc1 Nc6 27. Ba3 Bf8
28. Ne1 {Game drawn by mutual agreement} 1/2-1/2

[Event "Team 45 45 League T49"]
[Site "Internet Chess Club"]
[Date "2011.06.05"]
[Round "4"]
[White "Schack"]
[Black "Goli"]
[Result "1-0"]
[WhiteElo "1712"]
[BlackElo "1858"]
[Opening "Pirc: Austrian attack, 6.Bd3"]
[ECO "B06"]
[Time "11:01:06"]
[TimeControl "2700+45"]

1. e4 g6 2. d4 Bg7 3. Nc3 d6 4. f4 Nf6 5. Nf3 O-O 6. Bd3 Nbd7 7. e5 dxe5 8. fxe5
Ng4 9. h3 Nh6 10. O-O c5 11. d5 Nb6 12. Be4 Nf5 13. Bf4 Nc4 14. Qc1 Nd4 15. Nxd4
cxd4 16. Ne2 Qb6 17. Kh1 Nxe5 18. c3 dxc3 19. bxc3 Nc4 20. Rb1 Qa5 21. Nd4 Bxd4
22. cxd4 Nd6 23. Bd3 Qxd5 24. Bh6 Rd8 25. Rb5 Nxb5 26. Bc4 Qxd4 27. Rxf7 e6 28.
Qf1 Bd7 29. Rg7+ Qxg7 30. Bxg7 Kxg7 31. Bxb5 Bxb5 32. Qxb5 b6 33. Qe5+ Kf7 34.
Qc7+ Kg8 35. Qe7 Re8 36. Qb7 e5 37. Qd5+ Kg7 38. Qd7+ Kh8 39. Kh2 e4 40. Qd4+
Kg8 41. Qd5+ Kf8 42. Qd6+ Re7 43. Qf6+ Ke8 44. Qh8+ Kf7 45. Qxa8 e3 46. Qf3+ Kg7
47. Qe2 b5 48. Kg1 b4 49. Kf1 a5 50. Qb2+ Kf7 51. Ke2 Re4 52. Qb3+ Kf6 53. Qd3
Re5 54. Qd6+ Re6 55. Qd8+ Kf7 56. Qxa5 Re4 57. Qd5+ Re6 58. Qb7+ Kg8 59. Qxb4
{Black resigns} 1-0

[Event "Team 45 45 League T49"]
[Site "Internet Chess Club"]
[Date "2011.06.04"]
[Round "4"]
[White "justice02"]
[Black "Tamarin"]
[Result "0-1"]
[WhiteElo "1742"]
[BlackElo "1806"]
[Opening "Four knights: Spanish variation"]
[ECO "C48"]
[Time "21:15:20"]
[TimeControl "2700+45"]

1. e4 e5 2. Nf3 Nc6 3. Nc3 Nf6 4. Bb5 d6 5. d4 exd4 6. Nxd4 Bd7 7. Nxc6 Bxc6 8.
Bd3 g6 9. Bg5 Bg7 10. Qe2 O-O 11. h4 h6 12. Be3 Re8 13. f3 d5 14. O-O-O Qe7 15.
Qf2 dxe4 16. fxe4 Nxe4 17. Nxe4 Bxe4 18. Bxe4 Qxe4 19. Bd4 Bxd4 20. Rxd4 Qe6 21.
Rf1 Qxa2 22. Qf4 Qa1+ 23. Kd2 Qa5+ 24. c3 Re7 25. Qxh6 Rae8 26. Rf2 Qe5 27. Qf4
Qe1+ 28. Kc2 Re2+ 29. Rxe2 Qxe2+ 30. Kb3 c5 31. Rd2 Qb5+ 32. Kc2 c4 33. Qf2 a5
34. g4 a4 35. h5 a3 36. Kb1 axb2 37. hxg6 fxg6 38. Rxb2 Qd7 39. Qd4 Re1+ 40. Kc2
Qa4+ 41. Kd2 Qd1# {White checkmated} 0-1

[Event "Team 45 45 League T49"]
[Site "Internet Chess Club"]
[Date "2011.06.05"]
[Round "4"]
[White "mickeys"]
[Black "Pacini"]
[Result "1-0"]
[WhiteElo "2006"]
[BlackElo "2033"]
[Opening "Queen's pawn game"]
[ECO "A46"]
[Time "19:03:39"]
[TimeControl "2700+45"]

1. d4 Nf6 2. Nf3 e6 3. Bf4 c5 4. e3 b6 5. Bd3 Bb7 6. Nbd2 cxd4 7. exd4 Be7 8. c3
d6 9. Qc2 Nbd7 10. Bg3 O-O 11. O-O a6 12. Rfe1 Qc7 13. Rac1 Rac8 14. Bh4 Rfe8
15. c4 Nf8 16. b3 Qd7 17. Qb1 Rc7 18. h3 Rec8 19. Bg5 b5 20. Be3 bxc4 21. bxc4
Rb8 22. Rc2 Qc8 23. Rb2 N8d7 24. Bf4 Ba8 25. Rxb8 Nxb8 26. Qc2 Rb7 27. Ne4 Nxe4
28. Bxe4 Ra7 29. Bxh7+ Kh8 30. Ng5 Bxg5 31. Bxg5 Rc7 32. Bd3 Qb7 33. f3 Nd7 34.
Bf4 Qc6 35. Qf2 Nf6 36. Bg5 Nh7 37. Qh4 g6 38. Bf6+ Kg8 39. Re4 Qa4 40. Qxh7+
{Black resigns} 1-0

[Event "Team 45 45 League T49"]
[Site "Internet Chess Club"]
[Date "2011.06.05"]
[Round "4"]
[White "Atlantis"]
[Black "pishd"]
[Result "1/2-1/2"]
[WhiteElo "1889"]
[BlackElo "1742"]
[Opening "Bogo-Indian defense, Grünfeld variation"]
[ECO "E11"]
[Time "11:12:55"]
[TimeControl "2700+45"]

1. d4 e6 2. c4 Nf6 3. Nf3 Bb4+ 4. Nbd2 Ne4 5. a3 Nxd2 6. Bxd2 Bxd2+ 7. Qxd2 d6
8. e3 Qe7 9. Be2 Nd7 10. O-O Nf6 11. Qc2 O-O 12. Rad1 e5 13. dxe5 dxe5 14. h3
Bd7 15. b4 Bc6 16. Qb2 Rfe8 17. Qc2 Rad8 18. Rxd8 Rxd8 19. Rd1 Rxd1+ 20. Qxd1
Nd7 21. Qc2 Nf8 22. Qc3 f6 23. b5 Bd7 24. c5 b6 25. c6 Be6 26. Bc4 Kf7 27. a4 g6
28. Nd2 Kg7 29. Qb3 Qf7 30. Qc3 Bxc4 31. Nxc4 Qd5 32. Nb2 Ne6 33. Qd3 Qxd3 34.
Nxd3 {Game drawn by mutual agreement} 1/2-1/2

[Event "Team 45 45 League T49"]
[Site "Internet Chess Club"]
[Date "2011.06.02"]
[Round "4"]
[White "cknights"]
[Black "Bacon1290"]
[Result "1-0"]
[WhiteElo "1934"]
[BlackElo "1651"]
[Opening "QGD: 4.Nf3"]
[ECO "D37"]
[Time "19:01:13"]
[TimeControl "2700+45"]

1. d4 d5 2. c4 e6 3. Nc3 Nf6 4. Nf3 Be7 5. e3 b6 6. Bd3 Bb7 7. cxd5 exd5 8. O-O
O-O 9. Bd2 Nbd7 10. Qc2 c5 11. Rac1 Rc8 12. Rfd1 cxd4 13. Nxd4 Ne4 14. f3 Nxd2
15. Bxh7+ Kh8 16. Rxd2 g6 17. Bxg6 fxg6 18. Qxg6 Rf6 19. Qh5+ Kg8 20. Rcd1 Qe8
21. Qxe8+ Rxe8 22. Nc2 Rc8 23. f4 Rc5 24. Nb4 d4 25. Rxd4 a5 26. Nbd5 Kf7 27.
Nxe7 {Black resigns} 1-0

[Event "Team 45 45 League T49"]
[Site "Internet Chess Club"]
[Date "2011.06.04"]
[Round "4"]
[White "Razorbackchess"]
[Black "IPiTIBuLL"]
[Result "1-0"]
[WhiteElo "1844"]
[BlackElo "1683"]
[Opening "QGD Slav defense"]
[ECO "D10"]
[Time "21:02:40"]
[TimeControl "2700+45"]

1. d4 c6 2. c4 d5 3. Nc3 Nf6 4. Bg5 h6 5. Bxf6 gxf6 6. cxd5 cxd5 7. e3 Nc6 8. a3
e6 9. g3 Bd7 10. Qh5 Rg8 11. Bg2 Rg5 12. Qd1 Qb6 13. b4 O-O-O 14. Nge2 Bd6 15.
f4 Rg7 16. Rc1 Rdg8 17. b5 Bxa3 18. bxc6 Bxc6 19. Rb1 Qa5 20. Qb3 Be7 21. Kf2 h5
22. Ra1 Qb6 23. Qxb6 axb6 24. Ra8+ Kd7 25. Rxg8 Rxg8 26. Rb1 Bd8 27. e4 dxe4 28.
Bxe4 Bxe4 29. Nxe4 h4 30. Rxb6 f5 31. Nc5+ Kc8 32. Rxb7 hxg3+ 33. hxg3 f6 34.
Ra7 e5 35. Ra8+ Kc7 36. Ne6+ Kd7 37. Rxd8+ Rxd8 38. Nxd8 Kxd8 39. dxe5 fxe5 40.
fxe5 Ke7 41. Nf4 Kf7 42. Ke3 Kg7 43. Kd4 Kf7 44. Kd5 Ke7 45. Kc6 Kd8 46. Kd6 Ke8
47. Ke6 Kf8 48. Kd7 Kf7 49. e6+ Kf6 50. e7 Kg5 51. e8=Q Kg4 52. Qg6+ Kf3 53. Ke6
Ke4 54. Qxf5+ Kf3 55. g4 Kg3 56. Nd3 Kh4 57. g5 Kh5 58. g6+ Kh6 59. Qf7 Kg5 60.
g7 Kh6 61. Qf8 Kh5 62. g8=Q {Black resigns} 1-0

[Event "Team 45 45 League T49"]
[Site "Internet Chess Club"]
[Date "2011.06.06"]
[Round "4"]
[White "kidviper"]
[Black "DaveTheRook"]
[Result "1-0"]
[WhiteElo "1935"]
[BlackElo "1741"]
[Opening "Nimzo-Indian: classical variation"]
[ECO "E32"]
[Time "18:44:45"]
[TimeControl "2700+45"]

1. d4 Nf6 2. c4 e6 3. Nc3 Bb4 4. Qc2 O-O 5. Nf3 d5 6. Bg5 h6 7. Bh4 Be7 8. e3
Nbd7 9. Be2 c5 10. O-O Re8 11. Bg3 a6 12. Rfd1 cxd4 13. Nxd4 dxc4 14. Bxc4 b5
15. Bxe6 fxe6 16. Nxe6 Qb6 17. Nc7 Bb7 18. Qb3+ Kh8 19. Nxe8 Qc6 20. f3 Rxe8 21.
e4 Bc5+ 22. Kh1 Nh5 23. Bh4 Rf8 24. Nd5 g5 25. Be1 Qg6 26. Ne7 Bxe7 27. Rxd7
Ng3+ 28. Bxg3 {Black resigns} 1-0

[Event "Team 45 45 League T49"]
[Site "Internet Chess Club"]
[Date "2011.06.05"]
[Round "4"]
[White "Kingofknights"]
[Black "SIDDuchess"]
[Result "1/2-1/2"]
[WhiteElo "1633"]
[BlackElo "1635"]
[Opening "Old Indian defense"]
[ECO "A53"]
[Time "10:00:06"]
[TimeControl "2700+45"]

1. d4 Nf6 2. c4 d6 3. Nc3 Nbd7 4. e4 e5 5. d5 Be7 6. Be3 c6 7. f3 Nb6 8. Qd2 Bd7
9. Bd3 cxd5 10. cxd5 Rc8 11. Nge2 h6 12. b3 Qc7 13. O-O O-O 14. Rfc1 Qd8 15. a4
a6 16. a5 Na8 17. Na4 Rxc1+ 18. Rxc1 Bxa4 19. bxa4 Qd7 20. Qb4 Rc8 21. Rxc8+
Qxc8 22. Nc1 Qc7 23. Nb3 Bd8 24. Kf2 Qd7 25. Nd2 Qc7 26. Nc4 Ne8 27. Nb6 Qb8 28.
Ke2 Nac7 29. Nc4 Na8 30. Nb6 Nac7 31. Nd7 Qc8 32. Nb6 Qb8 33. f4 f6 34. g4 Na8
35. h4 Nxb6 36. axb6 Qc8 37. a5 Qxg4+ 38. Kd2 exf4 39. Bf2 Qf3 40. Qd4 Qg4 41.
Be2 f3 42. Bf1 Qf4+ 43. Qe3 Qg4 44. Qc3 g5 45. h5 Qxe4 46. Qc8 Qe7 47. Bxa6 bxa6
{Game drawn by mutual agreement} 1/2-1/2

[Event "Team 45 45 League T49"]
[Site "Internet Chess Club"]
[Date "2011.06.04"]
[Round "4"]
[White "mongmong"]
[Black "badmove"]
[Result "1/2-1/2"]
[WhiteElo "1628"]
[BlackElo "1745"]
[Opening "Queen's pawn game"]
[ECO "D04"]
[Time "16:06:24"]
[TimeControl "2700+45"]

1. d4 d5 2. Nf3 Nf6 3. e3 Bf5 4. Bd3 Bxd3 5. cxd3 Nbd7 6. O-O e6 7. b3 b5 8. Bb2
Be7 9. Nc3 a6 10. Qc2 Rc8 11. Rac1 O-O 12. Qe2 c5 13. dxc5 Rxc5 14. Rc2 Qa5 15.
a3 Qb6 16. b4 Rc7 17. Rfc1 Rfc8 18. Na2 Bd8 19. Ne5 Rxc2 20. Rxc2 Rxc2 21. Qxc2
Qc7 22. Qxc7 Bxc7 23. Nxd7 Nxd7 24. h3 {Game drawn by mutual agreement} 1/2-1/2

[Event "Team 45 45 League T49"]
[Site "Internet Chess Club"]
[Date "2011.06.07"]
[Round "4"]
[White "ben622"]
[Black "Ptzz"]
[Result "0-1"]
[WhiteElo "1922"]
[BlackElo "2126"]
[Opening "Sicilian: accelerated fianchetto, modern variation with Bc4"]
[ECO "B35"]
[Time "15:00:34"]
[TimeControl "2700+45"]

1. e4 c5 2. Nf3 Nc6 3. d4 cxd4 4. Nxd4 g6 5. Nc3 Bg7 6. Be3 Nf6 7. Bc4 O-O 8.
Bb3 a5 9. a4 Ng4 10. Qxg4 Nxd4 11. Bxd4 Bxd4 12. Qg3 d6 13. O-O-O Bxc3 14. Qxc3
b5 15. axb5 Bd7 16. Bd5 Rc8 17. Bc6 Bxc6 18. bxc6 Qb6 19. Rd2 Rxc6 20. Qd4 Qb5
21. Re1 Rb8 22. c3 a4 23. Kb1 Rc4 24. Qd3 Qb3 25. Rc2 a3 26. e5 axb2 27. Qd5
Qa2+ 28. Kxa2 Ra4+ 29. Kb1 Ra1# {White checkmated} 0-1

[Event "Team 45 45 League T49"]
[Site "Internet Chess Club"]
[Date "2011.06.04"]
[Round "4"]
[White "Jack-ONeill"]
[Black "DreamCatcher13"]
[Result "0-1"]
[WhiteElo "1984"]
[BlackElo "1901"]
[Opening "English opening"]
[ECO "A20"]
[Time "11:28:59"]
[TimeControl "2700+45"]

1. c4 e5 2. g3 Nf6 3. Bg2 c6 4. d4 exd4 5. Qxd4 d5 6. Nf3 Be7 7. cxd5 cxd5 8.
O-O Nc6 9. Qa4 O-O 10. Nc3 Be6 11. Be3 a6 12. Rac1 b5 13. Qd1 Rc8 14. Qd2 Na5
15. b3 Ba3 16. Rcd1 Bb4 17. Rc1 Ne4 18. Nxe4 Bxd2 19. Nexd2 Qd6 {White resigns}
0-1